 Dungeon Crawl Stone Soup version 0.30.0-29-ga12c61a403 (webtiles) character file.

Game seed: 6125138171045037877

2415 croobank the Covert (level 9, -9/62 HPs)
             Began as an Octopode Delver on June 19, 2023.
             Was a Follower of Sif Muna.
             Mangled by Joseph
             ... wielding a +0 quarterstaff
              (18 damage)
             ... on level 7 of the Dungeon.
             The game lasted 00:27:34 (6767 turns).

croobank the Covert (Octopode Delver)               Turns: 6767, Time: 00:27:34

Health: -9/62      AC:  1    Str: 11    XL:     9   Next: 47%
Magic:  11/15      EV: 14    Int: 16    God:    Sif Muna [*.....]
Gold:   425        SH:  0    Dex: 12    Spells: 14/16 levels left

rFire   . . .        l - +1 dagger (speed)
rCold   + . .        (no shield)
rNeg    + + .        (helmet restricted)
rPois   .            (no amulet)
rElec   .            m - ring of see invisible
rCorr   .            p - ring of positive energy
SInv    +            H - ring of protection from cold
Will    .....        G - ring of positive energy
Stlth   +++++        n - ring of wizardry
HPRegen 0.30/turn    (no ring)
MPRegen 0.14/turn    (no ring)
                     (no ring)

%: wizardry (x1)
@: no status effects
A: almost no armour, amphibious, 8 rings, camouflage 1, gelatinous body 1,
(nimble swimmer 1), tentacles, clumsy 1, MP-powered wands
a: Renounce Religion, Channel Magic


You were on level 7 of the Dungeon.
You worshipped Sif Muna.
Sif Muna was aware of your devotion.
You visited 1 branch of the dungeon, and saw 7 of its levels.

You collected 425 gold pieces.

Inventory:

Hand Weapons
 a - a +0 hand axe
 l - a +1 dagger of speed (weapon)
 o - a +0 trident
 q - a +0 war axe of protection
 s - a +0 morningstar
 v - a +3 short sword
 w - a +1 vampiric dagger
 x - a +0 falchion
 B - a +2 whip of draining
 C - a +2 whip of flaming
Missiles
 c - 4 boomerangs (quivered)
 i - 10 poisoned darts
 F - 5 boomerangs of dispersal
Magical Staves
 k - a staff of earth
Jewellery
 m - a ring of see invisible (left tentacle)
 n - a ring of wizardry (on tentacle)
 p - a ring of positive energy (right tentacle)
 G - a ring of positive energy (on tentacle)
 H - a ring of protection from cold (on tentacle)
Wands
 f - a wand of digging (2)
 y - a wand of polymorph (3)
Scrolls
 b - 4 scrolls of fog
 d - 4 scrolls of teleportation
 e - a scroll of noise
 g - 3 scrolls of enchant armour
 h - a scroll of amnesia
 j - a scroll of brand weapon
 r - a scroll of silence
 t - 3 scrolls of magic mapping
 I - a scroll of identify
 J - a scroll of immolation
Potions
 u - 2 potions of magic
 z - a potion of haste
 A - 3 potions of brilliance
 D - a potion of attraction


   Skills:
 + Level 5.6 Fighting
 + Level 5.2 Axes
 + Level 5.2 Dodging
 + Level 9.5 Stealth
 + Level 4.1 Spellcasting
 + Level 5.1 Poison Magic
 + Level 4.2 Invocations


You had 14 spell levels left.
You knew the following spells:

 Your Spells              Type           Power      Damage    Failure   Level
a - Poisonous Vapours     Pois/Air       22%        N/A       3%          2

Your spell library contained the following spells:

 Spells                   Type           Power      Damage    Failure   Level
 Cigotuvi's Dreadful Rot  Necr/Pois/Air  16%        N/A       4%          2
 Summon Small Mammal      Summ           12%        N/A       7%          1
 Mephitic Cloud           Conj/Pois/Air  8%         N/A       10%         3
 Ensorcelled Hibernation  Hex/Ice        6%         N/A       11%         2
 Passwall                 Tmut/Erth      2%         N/A       11%         2
 Call Canine Familiar     Summ           3%         N/A       21%         3
 Summon Guardian Golem    Hex/Summ       3%         N/A       21%         3
 Swiftness                Air            3%         N/A       21%         3
 Vampiric Draining        Necr           3%         2d6       21%         3
 Dispel Undead            Necr           3%         3d7       52%         4
 Summon Ice Beast         Ice/Summ       3%         N/A       52%         4
 Freezing Cloud           Conj/Ice/Air   1%         6-21      86%         5
 Death Channel            Necr           1%         N/A       100%        6


Dungeon Overview and Level Annotations

Branches:
Dungeon (7/15)             Temple (0/1) D:4

Altars:
Ashenzari
Kikubaaqudgha
Makhleb
Nemelex Xobeh
Qazlal
Sif Muna

Annotations:
D:7 Joseph


Innate Abilities, Weirdness & Mutations

You cannot wear most types of armour.
You are amphibious.
You can wear up to eight rings at the same time.
Your skin changes colour to match your surroundings (Stealth+).
Your rubbery body absorbs attacks. (AC +1, EV +1)
((You are camouflaged when in or above water. (Stealth+)))
You have tentacles for arms and can constrict up to eight enemies at once.
You are clumsy. (Dex -2)
You expend magic power (3 MP) to strengthen your wands.


Message History

You feel much better.
You constrict Joseph.
Joseph hits you with a +0 quarterstaff!!
* * * LOW HITPOINT WARNING * * *
Aiming: Polymorph
Press: ? - help, Shift-Dir - straight line, f/p - Joseph
Aim: Joseph, wielding a +0 quarterstaff, wearing a +3 leather armour of cold resistance and carrying a wand of digging (5) (lightly wounded, constricted by you, poisoned, will become a black bear, a scorpion, or a cane toad, chance to affect: 35%)
You feel a surge of power!
Joseph easily resists.
You constrict Joseph, but do no damage. Joseph completely misses you.
Okay, then.
Okay, then.
Okay, then.
Okay, then.
What are your orders? t - Shout!
Orders for allies: a - Attack new target. p - Attack previous target. r - Retreat! s - Stop attacking. g - Guard the area. f - Follow me.
Anything else - Cancel.
Gang up on whom?
Press: ? - help, Dir - move target, f/p - Joseph
Aim: Joseph, wielding a +0 quarterstaff, wearing a +3 leather armour of cold resistance and carrying a wand of digging (5) (lightly wounded, constricted by you, poisoned)
Okay, then.
As you read the scroll labelled GUAGEXUPSY, it crumbles to dust.
Your body is wracked with pain!
* * * LOW HITPOINT WARNING * * *
Joseph convulses!
It was a scroll of torment.
You constrict Joseph.
Joseph looks more healthy.
Joseph misses you.
You hit Joseph but do no damage.
Joseph is severely wounded.
You constrict Joseph. You hit Joseph but do no damage.
You tentacle-slap Joseph, but do no damage.
You squeeze Joseph.
Joseph is severely wounded.
You constrict Joseph. Joseph misses you.
You hit Joseph but do no damage. You squeeze Joseph.
Joseph is severely wounded.
You constrict Joseph.
Joseph hits you with a +0 quarterstaff!!
You die...

#.#
#..######
#.# #..#
#.# #..#
#.# #..#
#.# #..#
..# #..#
### #..#
### ###..#
..# #.@@.#
#.# #.##.#
#.# #)# #
#.# #.# #.#
#.#
#.######
#.#
#......#
#.#
....##>#
#.#
###.##.####
#.#


You could see Joseph.

Vanquished Creatures
  Pikel (D:7)
  A hornet (D:7)
  A wyvern (D:6)
  Eustachio (D:5)
  2 ogres
  A lemure (D:7)
  A centaur (D:7)
  3 bullfrogs
  5 scorpions
  2 hounds
  2 orc priests
  2 gnoll boudas
  2 iguanas (D:6)
  3 iron imps (D:6)
  Jessica (D:3)
  A sleepcap (D:5)
  2 orc wizards
  Robin (D:2)
  9 gnolls
  5 adders
  A river rat (D:3)
  An ufetubus (D:5)
  2 worms (D:3)
  5 dart slugs
  24 orcs
  4 ball pythons
  7 bats
  11 endoplasms
  6 giant cockroaches
  14 goblins
  10 hobgoblins
  14 jackals
  2 quokkas
  4 frilled lizards
  4 kobolds
  8 rats
163 creatures vanquished.

Notes
Turn   | Place    | Note
-------+----------+-------------------------------------------
     0 | D:5      | croobank the Octopode Delver began the quest for the Orb.
     0 | D:5      | Reached XP level 1. HP: 16/16 MP: 1/1
    71 | D:4      | Found a stormy altar of Qazlal.
   192 | D:3      | Reached XP level 2. HP: 21/21 MP: 2/2
   244 | D:3      | Reached XP level 3. HP: 18/26 MP: 3/3
   265 | D:3      | Found a glowing drain.
   304 | D:3      | Found a sparkling altar of Nemelex Xobeh.
   350 | D:2      | Found an ancient bone altar of Kikubaaqudgha.
   363 | D:2      | Got Ryrixug's Tome of Dark Graupel
   451 | D:1      | Reached skill level 7 in Stealth
   972 | D:1      | Reached XP level 4. HP: 31/31 MP: 4/4
  1153 | D:2      | Noticed Robin
  1172 | D:3      | Gained mutation: You are clumsy. (Dex -2) [potion of
                  | mutation]
  1172 | D:3      | Gained mutation: You expend magic power (3 MP) to
                  | strengthen your wands. [potion of mutation]
  1567 | D:3      | Reached skill level 1 in Spellcasting
  1765 | D:3      | Noticed Jessica
  1767 | D:3      | Killed Jessica
  1768 | D:3      | Reached XP level 5. HP: 37/37 MP: 5/7
  2332 | D:2      | Killed Robin
  2445 | D:2      | Learned a level 2 spell: Poisonous Vapours
  3029 | D:3      | Reached skill level 1 in Poison Magic
  3029 | D:3      | Reached XP level 6. HP: 42/43 MP: 8/8
  3204 | D:4      | Found a shimmering blue altar of Sif Muna.
  3211 | D:4      | Became a worshipper of Sif Muna the Loreminder
  3459 | D:4      | Found a staircase to the Ecumenical Temple.
  4145 | D:5      | Noticed Eustachio
  4156 | D:5      | Killed Eustachio
  4157 | D:5      | Reached skill level 8 in Stealth
  4157 | D:5      | Reached skill level 1 in Invocations
  4157 | D:5      | Reached XP level 7. HP: 45/49 MP: 10/10
  4346 | D:5      | Reached * piety under Sif Muna
  4838 | D:5      | Reached XP level 8. HP: 54/54 MP: 2/12
  5340 | D:6      | Noticed a wyvern
  5450 | D:6      | Killed a wyvern
  5658 | D:6      | Found a burning altar of Makhleb.
  5695 | D:6      | Reached skill level 5 in Fighting
  5780 | D:6      | Found a broken altar of Ashenzari.
  6465 | D:7      | Reached skill level 9 in Stealth
  6578 | D:7      | Noticed Pikel
  6591 | D:7      | Killed Pikel
  6592 | D:7      | Reached skill level 5 in Axes
  6592 | D:7      | Reached skill level 5 in Dodging
  6592 | D:7      | Reached XP level 9. HP: 61/61 MP: 9/14
  6662 | D:7      | Reached skill level 5 in Poison Magic
  6711 | D:7      | Noticed a hornet
  6714 | D:7      | Killed a hornet
  6757 | D:7      | Noticed Joseph
  6761 | D:7      | HP: 2/62 [Joseph/+0 quarterstaff (20)]
  6767 | D:7      | Mangled by Joseph

Illustrated notes

Levels and vault maps discovered:
D:1:      nzn_arrival_crosshair, layout_rooms
D:2:      layout_loops_ring, basic_altar, uniq_robin
D:3:      layout_loops_ring, nemelex_xobeh_ov_fountains_minmay,
          portal_sewer_entry_c, item_on_display_b, uniq_jessica
D:4:      layout_loops_ring, kennysheep_orc_sif_temple,
          nicolae_qazlal_eye_of_the_storm, minmay_temple_entry_enclosed_plants
D:5:      layout_rooms, uniq_eustachio
D:6:      layout_basic, demons_altar, evilmike_ruin_ashenzari
D:7:      layout_loops_ring, uniq_pikel, uniq_joseph

Skill      XL: |  1  2  3  4  5  6  7  8  9 |
---------------+----------------------------+-----
Stealth        | 7 8 9 |  9.5
Spellcasting   | 1 2 3 4 |  4.1
Axes           | 3 4 5 |  5.2
Dodging        | 3 4 5 |  5.2
Poison Magic   | 1 2 3 4 5 |  5.1
Fighting       | 4 5 |  5.6
Invocations    | 1 2 3 4 |  4.2

Action                     |  1- 3 |  4- 6 |  7- 9 || total
---------------------------+-------+-------+-------++-------
  Melee: Hand axe          |    72 |     4 |       ||    76
         Tentacles         |    14 |    51 |    45 ||   110
         Constrict         |    18 |    53 |    29 ||   100
         Dagger            |       |   222 |   148 ||   370
         Punch             |       |     1 |     4 ||     5
  Throw: Boomerang         |       |     1 |       ||     1
   Cast: Poisonous Vapours |       |     2 |    44 ||    46
  Evoke: Wand              |       |     1 |     1 ||     2
    Use: Scroll            |     1 |     9 |     7 ||    17
         Potion            |       |     3 |     4 ||     7
   Stab: Sleeping          |    12 |    23 |     5 ||    40
         Fleeing           |       |     1 |       ||     1
         Invisible         |       |       |     3 ||     3
 Armour: Skin              |    11 |     8 |     8 ||    27
  Dodge: Dodged            |    43 |   112 |    66 ||   221
